 Dungeon Crawl Stone Soup version 0.32-a0-607-g64ea0e4219 (webtiles) character file.

Game seed: 3510551108851648243

12306637 Armakuni the Merry Human (level 27, 249/249 HPs)
             Began as a Human Artificer on Mar 2, 2024.
             Was an Initiate of Gozag.
             Escaped with the Orb
             ... and 11 runes
             ... and 2 gems on Mar 3, 2024!
             The game lasted 04:31:38 (69721 turns).

Armakuni the Merry Human (Human Artificer)         Turns: 69721, Time: 04:31:39

Health: 249/249    AC: 25    Str: 20      XL:     27
Magic:  33/33      EV: 42    Int: 15      God:    Gozag
Gold:   7400       SH:  0    Dex: 35 (36) Spells: 27/40 levels left

rFire   + + .        a - +9 longbow (heavy)
rCold   + + +        (shield currently unavailable)
rNeg    + + +        E - +5 ring mail of the Comet {Regen+ Dex+5}
rPois   ∞            L - -2 hat of the Alchemist {rElec rPois rF+ rC+ rN+ Will+ rMut rCorr}
rElec   +            n - +2 cloak {rF+}
rCorr   +            H - +2 pair of gloves of Sunlight {rPois Int+3 Dex+4 Slay+5}
SInv    +            T - +2 pair of boots of Spaghetti {rElec rC+ rN+ Will+}
Will    +++++        R - amulet of Vitality {Regen++ RegenMP++}
Stlth   +            S - ring of the Dropbear {Str+5 Slay+5 SInv Stlth-}
HPRegen 3.01/turn    W - ring of the Noxious Date {Will+ rCorr Str+2 Slay+4}
MPRegen 1.03/turn

%: resist mutation
@: death-form, studying 2 skills
A: vile attack, torment immunity, no potions, explore regen
0: Orb of Zot
}: 11/15 runes: serpentine, barnacled, slimy, silver, golden, abyssal, demonic,
glowing, magical, fiery, dark
a: Siphon Essence, Begin Untransformation, Renounce Religion, Potion Petition,
Call Merchant, Bribe Branch


You escaped.
You worshipped Gozag.
Gozag was greatly pleased with you.
You were an undying horror.
You visited 15 branches of the dungeon, and saw 64 of its levels.
You visited Pandemonium 3 times, and saw 16 of its levels.
You visited the Abyss 1 time.
You visited 1 ziggurat, and saw 11 of its levels.
You also visited: Gauntlet, Ice Cave and Volcano.

You collected 45740 gold pieces.
You spent 7430 gold pieces at shops.
You paid 30910 gold pieces to Gozag.

Inventory:

Hand Weapons
 a - a +9 heavy longbow (weapon)
Armour
 n - a +2 cloak of fire resistance (worn)
 E - the +5 ring mail of the Comet (worn) {Regen+ Dex+5}
   (You found it on level 4 of the Dungeon)

   Dex+5:     It affects your dexterity (+5).
   Regen+:    It increases your rate of health regeneration.
 H - the +2 pair of gloves of Sunlight (worn) {rPois Int+3 Dex+4 Slay+5}
   (You bought it in a shop on level 3 of the Elven Halls)

   Int+3:     It affects your intelligence (+3).
   Dex+4:     It affects your dexterity (+4).
   Slay+5:    It affects your accuracy & damage with ranged weapons and melee
   (+5).
   rPois:     It protects you from poison.
 L - the -2 hat of the Alchemist (worn) {rElec rPois rF+ rC+ rN+ Will+ rMut rCorr}
   (You found it on level 3 of the Tomb of the Ancients)

   rF+:       It protects you from fire.
   rC+:       It protects you from cold.
   rElec:     It insulates you from electricity.
   rPois:     It protects you from poison.
   rN+:       It protects you from negative energy.
   Will+:     It increases your willpower.
   rCorr:     It protects you from acid and corrosion.
   rMut:      It protects you from mutation.
 T - the +2 pair of boots of Spaghetti (worn) {rElec rC+ rN+ Will+}
   (You found it in a Gauntlet)

   rC+:       It protects you from cold.
   rElec:     It insulates you from electricity.
   rN+:       It protects you from negative energy.
   Will+:     It increases your willpower.
Jewellery
 R - the amulet of Vitality (around neck) {Regen++ RegenMP++}
   (You found it on level 3 of the Elven Halls)

   [amulet of nothing]

   Regen++:   It increases your rate of health regeneration.
   RegenMP++: It increases your rate of magic regeneration.
 S - the ring of the Dropbear (left hand) {Str+5 Slay+5 SInv Stlth-}
   (You took it off a vault guard on level 3 of the Vaults)

   [ring of see invisible]

   Str+5:     It affects your strength (+5).
   Slay+5:    It affects your accuracy & damage with ranged weapons and melee
   (+5).
   SInv:      It lets you see invisible.
   Stlth-:    It makes you less stealthy.
 W - the ring of the Noxious Date (right hand) {Will+ rCorr Str+2 Slay+4}
   (You acquired it on level 5 of the Vaults)

   [ring of slaying]

   Str+2:     It affects your strength (+2).
   Slay+4:    It affects your accuracy & damage with ranged weapons and melee
   (+4).
   Will+:     It increases your willpower.
   rCorr:     It protects you from acid and corrosion.
Talismans
 g - a talisman of death (active)
Wands
 c - a wand of charming (5)
 k - a wand of digging (14)
 l - a wand of light (36)
 p - a wand of paralysis (62)
 r - a wand of roots (87)
Scrolls
 b - a scroll of butterflies
 d - 4 scrolls of poison
 f - 3 scrolls of immolation
 y - 9 scrolls of fear
 z - 11 scrolls of vulnerability
 C - 14 scrolls of fog
 D - 11 scrolls of enchant weapon
 I - 3 scrolls of torment
 O - 7 scrolls of noise
 P - 11 scrolls of amnesia
 Q - 8 scrolls of teleportation
 V - 35 scrolls of identify
 Y - 5 scrolls of silence
 Z - 12 scrolls of enchant armour
Potions
 e - 14 potions of heal wounds
 i - 17 potions of mutation
 j - 3 potions of resistance
 o - 7 potions of ambrosia
 u - 13 potions of brilliance
 w - 9 potions of might
 A - 7 potions of enlightenment
 F - 3 potions of invisibility
 G - 30 potions of curing
 J - 5 potions of cancellation
 M - a potion of haste
 N - 5 potions of magic
Miscellaneous
 h - a lightning rod (4/4)
 m - a phantom mirror
 q - a phial of floods
 s - a sack of spiders
 t - a tin of tremorstones (2/2)
 B - a figurine of a ziggurat


   Skills:
 O Level 27 Fighting
 - Level 2.0 Short Blades
 - Level 2.0 Maces & Flails
 O Level 27 Ranged Weapons
 - Level 23.3 Armour
 + Level 24.8 Dodging
 - Level 1.0 Stealth
 - Level 7.0 Spellcasting
 - Level 5.0 Hexes
 - Level 12.0 Translocations
 - Level 4.0 Air Magic
 - Level 10.0 Evocations
 - Level 24.2 Shapeshifting


You had 27 spell levels left.
You knew the following spells:

 Your Spells              Type           Power      Damage    Failure   Level
a - Apportation           Tloc           82%        N/A       1%          1
b - Blink                 Tloc           82%        N/A       1%          2
d - Dimensional Bullseye  Hex/Tloc       15%        N/A       4%          4
l - Lesser Beckoning      Tloc           82%        N/A       1%          2
v - Vhi's Electric Charg  Tloc/Air       58%        N/A       6%          4

Your spell library contained the following spells:

 Spells                   Type           Power      Damage    Failure   Level
 Gell's Gravitas          Tloc           41%        N/A       1%          3
 Teleport Other           Tloc           41%        N/A       1%          3
 Passage of Golubria      Tloc           41%        N/A       1%          4
 Slow                     Hex            80%        N/A       2%          1
 Jinxbite                 Hex            40%        N/A       3%          2
 Volatile Blastmotes      Fire/Tloc      46%        2d13      4%          3
 Confusing Touch          Hex            20%        N/A       6%          3
 Sigil of Binding         Hex            20%        N/A       6%          3
 Tukima's Dance           Hex            20%        N/A       6%          3
 Shock                    Conj/Air       44%        1d5       8%          1
 Ensorcelled Hibernation  Hex/Ice        24%        N/A       9%          2
 Swiftness                Air            17%        N/A       10%         3
 Mercury Vapours          Alch/Air       22%        N/A       11%         2
 Cigotuvi's Dreadful Rot  Necr/Alch/Air  18%        N/A       16%         2
 Freeze                   Ice            20%        1d4       17%         1
 Kiss of Death            Conj/Necr      20%        2d7       17%         1
 Magic Dart               Conj           20%        1d4       17%         1
 Necrotise                Necr           20%        1d5       17%         1
 Sting                    Conj/Alch      20%        1d4       17%         1
 Summon Small Mammal      Summ           20%        N/A       17%         1
 Dazzling Flash           Conj/Hex       24%        N/A       19%         3
 Inner Flame              Hex/Fire       12%        N/A       19%         3
 Dispersal                Tloc           20%        N/A       19%         6
 Cause Fear               Hex            10%        N/A       22%         4
 Call Imp                 Summ           10%        N/A       26%         2
 Sublimation of Blood     Necr           5%         N/A       26%         2
 Mephitic Cloud           Conj/Alch/Air  9%         N/A       30%         3
 Airstrike                Air            8%         2d(2-18)  32%         4
 Summon Forest            Summ/Tloc      11%        N/A       36%         5
 Call Canine Familiar     Summ           5%         N/A       45%         3
 Frozen Ramparts          Ice            10%        1d2       45%         3
 Fugue of the Fallen      Necr           5%         N/A       45%         3
 Hailstorm                Conj/Ice       5%         3d5       45%         3
 Ozocubu's Armour         Ice            5%         N/A       45%         3
 Passwall                 Erth           5%         N/A       45%         3
 Summon Ice Beast         Ice/Summ       5%         N/A       45%         3
 Vampiric Draining        Necr           5%         2d6       45%         3
 Anguish                  Hex/Necr       6%         N/A       52%         4
 Summon Lightning Spire   Summ/Air       11%        N/A       58%         4
 Silence                  Hex/Air        9%         N/A       58%         5
 Animate Armour           Summ/Erth      10%        N/A       86%         4
 Dispel Undead            Necr           5%         3d7       86%         4
 Flame Wave               Conj/Fire      5%         2d5       86%         4
 Ignite Poison            Fire/Alch      5%         N/A       86%         4
 Leda's Liquefaction      Alch/Erth      2%         N/A       86%         4
 Martyr's Knell           Necr/Summ      5%         N/A       86%         4
 Olgreb's Toxic Radiance  Alch           5%         N/A       86%         4
 Petrify                  Alch/Erth      5%         N/A       86%         4
 Sticky Flame             Fire/Alch      5%         2d4       86%         4
 Summon Blazeheart Golem  Fire/Summ      5%         N/A       86%         4
 Metabolic Englaciation   Hex/Ice        6%         N/A       86%         5
 Summon Mana Viper        Hex/Summ       12%        N/A       86%         5
 Yara's Violent Unravell  Hex/Alch       6%         3d5       86%         5
 Arcjolt                  Conj/Air       5%         1d15      90%         5
 Freezing Cloud           Conj/Ice/Air   4%         6-21      95%         5
 Alistair's Intoxication  Alch           3%         N/A       99%         5
 Borgnjor's Vile Clutch   Necr/Erth      2%         N/A       99%         5
 Curse of Agony           Necr           5%         N/A       99%         5
 Irradiate                Conj/Alch      2%         3d12      99%         5
 Iskenderun's Battlesphe  Conj           5%         2d6       99%         5
 Lee's Rapid Deconstruct  Erth           2%         3d5*      99%         5
 Bombard                  Conj/Erth      2%         9d1       100%        6
 Conjure Ball Lightning   Conj/Air       5%         3x3d6     100%        6
 Death Channel            Necr           2%         N/A       100%        6
 Eringya's Noxious Bog    Alch           2%         4d6       100%        6
 Sculpt Simulacrum        Ice/Alch       2%         N/A       100%        6
 Starburst                Conj/Fire      2%         6d3       100%        6
 Enfeeble                 Hex            10%        N/A       100%        7
 Haunt                    Necr/Summ      2%         N/A       100%        7
 Monstrous Menagerie      Summ           2%         N/A       100%        7
 Ozocubu's Refrigeration  Ice            2%         4d8       100%        7
 Spellforged Servitor     Conj/Summ      2%         N/A       100%        7
 Summon Hydra             Summ           2%         N/A       100%        7
 Discord                  Hex            10%        N/A       100%        8
 Disjunction              Tloc           20%        N/A       100%        8
 Ignition                 Fire           2%         3d3       100%        8
 Infestation              Necr           2%         N/A       100%        8
 Lehudib's Crystal Spear  Conj/Erth      2%         10d2      100%        8
 Maxwell's Capacitive Co  Air            8%         ∞         100%        8
 Summon Horrible Things   Summ           2%         N/A       100%        8
 Chain Lightning          Conj/Air       5%         3d7       100%        9
 Fire Storm               Conj/Fire      2%         8d1       100%        9
 Polar Vortex             Ice            2%         N/A       100%        9
 Shatter                  Erth           2%         3d6*      100%        9
 Animate Dead             Necr           Unusable   N/A       N/A         4

Dungeon Overview and Level Annotations

Branches:
Dungeon (15/15)            Temple (1/1) D:6            Lair (5/5) D:11
 Shoals (4/4) Lair:2        Snake (4/4) Lair:2        Slime (5/5) Lair:5
    Orc (2/2) D:10            Elf (3/3) Orc:2        Vaults (5/5) D:13
  Crypt (3/3) Vaults:2       Tomb (3/3) Crypt:3      Depths (4/4) D:15
   Hell (visited)             Coc (4/7) Hell            Zot (5/5) Depths:4
  IceCv (visited)         Volcano (visited)         Gauntlet (visited)
    Dis: Hell:1         Geh: Hell:1         Tar: Hell:1

Altars:
Ashenzari
Cheibriados
Dithmenos
Elyvilon
Fedhas
Gozag
Hepliaklqana
Kikubaaqudgha
Makhleb
Nemelex Xobeh
Okawaru
Qazlal
Ru
Sif Muna
Trog
Uskayaw
Vehumet
Wu Jian
Xom
Yredelemnul
Zin
The Shining One
Beogh
Jiyva

Shops:
D:4 *   D:8 *   D:9 (   D:10 !   D:15 [*   Orc:1 [[(   Orc:2 (:[(   Elf:1 :=:
Elf:3 [   Lair:1 =([==[?(   Shoals:2 !   Shoals:3 *   Snake:2 !![   Snake:4 :([
Vaults:3 :   Vaults:5 (   Depths:1 :

Portals:
Hell: Lair:5 Depths:1 Depths:2 Depths:3 Depths:4
Abyss: Depths:3
Pandemonium: Depths:2 Depths:3 Depths:4

Annotations:
Snake:2 2 runed translucent doors, casual's ghost, adept CoMo
Snake:4 3 runed translucent doors, sanka's ghost, adept MfAl
Elf:2 3 runed translucent doors, Louise


Innate Abilities, Weirdness & Mutations

You are an undying horror.
Your melee and unarmed attacks drain, slow and weaken victims.
You are immune to unholy pain and torment.
You cannot drink.
You are immune to poison.
You regain HP and MP as you explore.


Message History

There is a stone staircase leading up here.
You climb upwards.
There is a stone staircase leading down, spattered with blood here.
HP restored.
There is a stone staircase leading up here.
You climb upwards.
There is a stone staircase leading down here.
An Orb Guardian comes into view.
You can't go up here!
You shoot an arrow. The arrow hits the Orb Guardian!!!!
You kill the Orb Guardian!
No target in view!
No target in view!
A soul eater comes into view.
You can't go up here!
You shoot an arrow. The arrow hits the soul eater!!
The soul eater is heavily wounded.
You shoot an arrow. The arrow hits the soul eater!!
You kill the soul eater!
No target in view!
Aiming: Dig
Press: ? - help, Shift-Dir - straight line This square is covered in magical glow.
The rock shatters into small pieces.
There is a stone staircase leading down here.
An Orb Guardian comes into view.
There is an open door here.
You shoot an arrow. The arrow misses the Orb Guardian.
You shoot an arrow. The arrow hits the Orb Guardian!!!!
You kill the Orb Guardian!
No target in view!
You now have 7400 gold pieces (gained 31).
There is a stone staircase leading up here.
You climb upwards.
There is a stone staircase leading down here.
There is a stone staircase leading up here.
You climb upwards.
There is a stone staircase leading down here.
There is a staircase leading out of the dungeon here.
You have escaped!

..# #......####......##....# #.
..# #........#####.#.##.#.## #.
..# #......#.## ##.#.##.#.### #.
..# #......##.###.##........# #.
..# #>..)..###.#.###....#.#.###.
..# ####..## ##.## ##...#.......
..# #.#.###.#.###.#..#.......
..# #.##.#.#.#.#.##..#.#.#†##
..# #.###.#.z.#.###..#.#.#.#
#########.##.#.#.#.#.##......†.#
#....##.#.###.#.###.#..#..####
#....##..## ##.## ##...#..#
#....#..## ##.#.###.......#
#......## ##.###.##....#..#
#.....## ##.## ##......#..#
######.## #..# ##........#
...###.# #.## ###..##.##


There were no monsters in sight!

Vanquished Creatures
  Gloorx Vloq (Pan)
  the Royal Jelly (Slime:5)
  Mnoleg (Pan)
  A seraph (Pan)
  Frederick (Depths:4)
  6 dread liches
  Khufu (Tomb:3)
  5 ancient liches
  3 orbs of fire (Zot:5)
  3 juggernauts
  Mara (Snake:3)
  Mennas (Pan)
  32 royal mummies
  Bai Suzhen (Vaults:5)
  5 pandemonium lords
  Xtahua (Vaults:4)
  Boris (Depths:3)
  Vv (Zot:1)
  A Killer Klown (Zot:1)
  5 shard shrikes (Coc:4)
  Saint Roka (Orc:2)
  A curse toe (Crypt:3)
  Vashnia (Snake:4)
  3 caustic shrikes (Depths:4)
  6 golden dragons
  Geryon (Hell)
  Jory (Vaults:5)
  2 bone dragons
  3 Brimstone Fiends (Pan)
  A pearl dragon (Pan)
  An electric golem (Zot:1)
  A Tzitzimitl (Pan)
  Zenata (Vaults:4)
  2 Hell Sentinels
  5 Ice Fiends
  15 tentacled monstrosities
  10 liches
  A hellephant (Crypt:3)
  A walking crystal tome (Depths:3)
  3 deep elf blademasters
  A shard shrike skeleton (Crypt:3)
  12 quicksilver dragons
  11 titans
  7 tentacled starspawn
  17 Orb Guardians
  3 deep elf master archers
  11 acid blobs
  16 sphinxes
  16 Executioners
  4 death cobs
  6 ancient champions
  2 eldritch tentacles (Pan)
  A kraken (Abyss:3)
  Frances (D:14)
  Agnes (Snake:4)
  9 shadow dragons
  7 tengu reavers
  The ghost of kae the Brawler, an adept DrSh of Qazlal (Elf:1)
  15 storm dragons
  Roxanne (Snake:3)
  Aizul (Elf:1)
  3 revenants
  4 draconian monks
  Donald (Elf:1)
  6 rockslimes
  13 daevas (Pan)
  15 azure jellies
  7 nagarajas (Snake:4)
  A nargun (Coc:4)
  3 demonspawn warmongers (Pan)
  9 protean progenitors
  10 fire giants
  3 iron dragons
  6 deep elf sorcerers
  A caustic shrike zombie (Tomb:3)
  A draconian shifter (Zot:1)
  9 frost giants
  3 ghost moths
  19 balrugs
  2 draconian scorchers
  14 vault wardens
  7 deep elf elementalists (Elf:3)
  2 shard shrike simulacra (Coc:4)
  23 angels (Pan)
  6 curse skulls
  11 cacodemons (Pan)
  A spriggan defender (Depths:3)
  10 ghouls
  A draconian stormcaller (Zot:1)
  5 draconian annihilators
  7 orc warlords
  38 very ugly things
  A juggernaut skeleton (Pan)
  9 demonspawn corrupters (Pan)
  11 reapers
  22 ironbound preservers
  6 stone giants
  2 demonspawn blood saints (Pan)
  17 apis (Pan)
  9 ophanim (Pan)
  2 caustic shrike skeletons (Pan)
  7 quicksilver oozes
  8 ironbound thunderhulks
  9 deep elf demonologists
  8 vampire knights
  4 formless jellyfish
  8 black draconians
  9 elemental wellsprings
  15 green draconians
  6 deep elf death magi
  7 grey draconians (Zot:3)
  10 demonspawn black suns (Pan)
  5 wendigos
  4 red draconians
  16 deep elf annihilators
  8 purple draconians
  11 lorocyprocas (Pan)
  2 minotaurs
  3 yellow draconians (Zot:1)
  3 dire elephants (Vaults:1)
  5 spark wasps
  4 white draconians
  A bunyip (Abyss:3)
  6 war gargoyles
  7 blizzard demons
  8 eidola
  2 merfolk javelineers
  6 ettins
  5 merfolk impalers
  Josephine (Lair:5)
  6 green deaths
  An entropy weaver (shapeshifter) (Vaults:5)
  11 yaktaur captains
  4 entropy weavers
  19 mummy priests
  6 rakshasas
  4 fire dragons
  3 jiangshi (Crypt:1)
  4 deep elf high priests
  35 vault guards
  8 great orbs of eyes
  Harold (D:11)
  2 shambling mangroves
  5 hydras
  2 spriggan zombies (Crypt:2)
  2 ghost crabs (Abyss:3)
  The ghost of t4s4d4r the Cleaver, a journeyman CoFi of Gozag (D:12)
  2 peacekeepers (Vaults:4)
  2 salamander tyrants
  3 spriggan air magi
  3 ogre magi
  9 ice dragons
  5 juggernaut simulacra
  2 catoblepae
  2 death knights (Vaults:2)
  3 centaur warriors
  6 ironbound frosthearts
  2 hell beasts
  2 alligator snapping turtles
  9 satyrs
  2 spriggan skeletons
  5 merfolk aquamancers
  A jorogumo (Pan)
  23 dancing weapons
  8 boulder beetles
  45 death scarabs
  6 deep troll shamans
  7 deep troll earth magi
  2 merfolk avatars (Shoals:3)
  The ghost of Weusopre the Destroyer, a novice DrCj of Vehumet (Lair:1)
  9 two-headed ogres
  9 anacondas
  3 death yaks (Lair:5)
  6 hell hogs
  11 tengu warriors
  14 naga warriors
  3 spectral emperor scorpions (Pan)
  A titan zombie (Crypt:1)
  18 deep elf knights
  3 vampire magi
  20 naga sharpshooters
  2 occultists
  6 orc high priests
  6 shock serpents
  24 soul eaters
  2 spriggan berserkers
  Urug (D:12)
  6 thrashing horrors
  31 hell knights
  48 sun demons
  4 wretched stars
  2 hellephant skeletons (Pan)
  7 skysharks
  13 iron trolls
  2 death drakes (Depths:4)
  2 fire crabs (Abyss:3)
  16 cherubim (Pan)
  9 shadow wraiths
  3 sixfirhies (Pan)
  18 skeletal warriors
  5 salamander mystics
  8 bog bodies
  A storm dragon skeleton (Vaults:4)
  3 spriggan druids (Zig:6)
  11 mana vipers
  A glowing orange brain (shapeshifter) (Vaults:5)
  An anaconda zombie (Hell)
  7 glowing orange brains
  2 mana vipers (shapeshifter) (Vaults:5)
  2 swamp dragons (Zig:6)
  2 spatial maelstroms
  7 shadow demons (Pan)
  7 flayed ghosts
  9 naga ritualists
  14 sun moths (Pan)
  78 deep trolls
  24 sea snakes
  15 ironbound convokers
  2 phantasmal warriors
  10 arcanists
  An anaconda skeleton (Crypt:2)
  2 fenstrider witch simulacra
  20 deep elf archers
  2 alligator zombies
  19 necromancers
  8 lindwurms
  10 orc knights
  33 deep elf pyromancers
  20 harpies
  An iron dragon zombie (Crypt:2)
  11 starcursed masses (Abyss:3)
  5 thermic dynamos
  6 oklob plants
  23 deep elf zephyrmancers
  A bunyip skeleton (Crypt:2)
  2 shining eyes
  10 fauns
  20 salamanders
  2 worldbinders (Abyss:3)
  2 will-o-the-wisps (Abyss:3)
  61 ugly things
  An alligator skeleton (Hell)
  A moth of wrath (shapeshifter) (Zig:11)
  6 orc sorcerers
  14 moths of wrath
  8 cyclopes
  16 large abominations
  A dire elephant zombie (Crypt:3)
  24 manticores
  A naga zombie (Tomb:3)
  3 titan simulacra
  5 merfolk sirens
  25 naga magi
  11 rust devils
  32 black mambas
  16 vault sentinels
  2 stone giant skeletons
  21 smoke demons
  An iron dragon skeleton (Abyss:3)
  8 guardian serpents
  4 eyes of devastation
  4 water nymphs
  A dire elephant skeleton (Crypt:1)
  An eye of devastation (shapeshifter) (D:15)
  A molten gargoyle (Depths:1)
  An apocalypse crab (Abyss:3)
  8 orange demons
  A shock serpent zombie (Crypt:3)
  11 kobold blastminers
  2 gargoyles (D:12)
  A torpor snail (shapeshifter) (Elf:3)
  2 red draconian zombies
  An emperor scorpion simulacrum (Coc:1)
  5 ice statues
  12 cane toads
  2 minotaur zombies
  3 centaur skeletons
  2 unseen horrors
  2 naga skeletons
  2 kobold demonologists
  6 hellions
  10 freezing wraiths
  11 rime drakes
  5 tengu conjurers
  An iron troll zombie (Crypt:3)
  2 anaconda simulacra (Coc:4)
  7 efreet (Pan)
  3 ice devils (Lair:5)
  9 tormentors
  10 komodo dragons
  57 guardian mummies
  28 yaktaurs
  2 ancient zymes
  A minotaur skeleton (Crypt:2)
  A sea snake skeleton (Crypt:3)
  A hydra zombie (Hell)
  A queen bee (shapeshifter) (Elf:3)
  6 red devils
  30 merfolk
  4 tyrant leeches
  17 hellwings
  4 hornets
  7 trolls
  A shadow dragon simulacrum (Coc:1)
  An alligator simulacrum (Hell)
  4 dream sheep
  An ettin zombie (Crypt:2)
  A polar bear (Lair:3)
  2 hydra skeletons
  7 wind drakes
  14 snapping turtles
  9 raiju (Abyss:3)
  2 tarantellas
  15 blink frogs
  73 slime creatures
  2 spectral guardian serpents (Crypt:1)
  3 glass eyes
  An iron dragon simulacrum (Coc:4)
  2 stone giant simulacra (Coc:1)
  A glass eye (shapeshifter) (D:14)
  5 air elementals
  2 culicivoras
  A culicivora (shapeshifter) (Elf:3)
  8 wyverns
  A slime creature (shapeshifter) (Vaults:5)
  A vampire (D:12)
  20 ynoxinuls
  12 wraiths
  3 ettin skeletons
  17 ushabtiu
  3 spriggans (Depths:1)
  24 water elementals
  6 shadows
  4 fire elementals (Volcano)
  56 yaks
  5 dire elephant simulacra
  5 golden eyes (Slime:5)
  9 basilisks
  Grum (D:9)
  10 neqoxecs
  7 wargs
  A death yak simulacrum (IceCv)
  8 redbacks
  An alligator snapping turtle simulacrum (Coc:1)
  3 vampire mosquitoes (D:13)
  15 chaos spawn
  48 nagas
  A naga (shapeshifter) (Vaults:5)
  An acid dragon (D:12)
  A demonspawn zombie (Crypt:1)
  8 harpy simulacra
  A spatial vortex (Zig:8)
  18 hell hounds
  13 water moccasins
  4 hydra simulacra
  A human skeleton (Vaults:4)
  4 black bears
  15 laughing skulls
  33 orc warriors
  An ettin simulacrum (Coc:1)
  20 ogres
  13 wolves
  7 small abominations (Abyss:3)
  9 centaurs
  A phantom (D:5)
  3 weeping skulls (Abyss:3)
  A human zombie (Vaults:4)
  2 kobold brigands
  6 brain worms (Pan)
  7 bullfrogs
  A scorpion (shapeshifter) (Abyss:3)
  A komodo dragon skeleton (Crypt:2)
  3 earth elementals
  14 two-headed ogre simulacra (IceCv)
  4 cane toad simulacra (IceCv)
  3 scorpions
  3 gnoll sergeants
  A wight (D:8)
  A cyclops skeleton (Crypt:2)
  An elephant simulacrum (IceCv)
  21 killer bees
  3 howler monkeys
  5 electric eels
  5 jellies
  2 gnoll boudas
  14 orc priests
  8 hounds
  3 sleepcaps
  Jessica (D:3)
  3 iguanas
  A scorpion zombie (Crypt:3)
  31 orc wizards
  10 hell rats
  5 troll simulacra (IceCv)
  3 polar bear simulacra (IceCv)
  9 spriggan simulacra
  4 wolf simulacra (IceCv)
  An acid dragon zombie (Crypt:1)
  60 mummies
  28 gnolls
  2 howler monkey skeletons
  9 adders
  8 naga simulacra
  A swamp drake skeleton (Crypt:1)
  4 white imps
  An ufetubus (Abyss:3)
  A ribbon worm (D:5)
  4 dart slugs
  81 orcs
  2 bats
  A bat skeleton (Crypt:2)
  5 endoplasms
  2 giant cockroaches
  9 goblins
  12 hobgoblins
  5 jackals (D:1)
  4 quokkas
  6 ball pythons
  7 frilled lizards
  A frilled lizard zombie (Crypt:2)
  A jackal zombie (Crypt:1)
  13 kobolds
  An orc zombie (Crypt:1)
  6 rats
  A rat zombie (Crypt:1)
  3 aspiring fleshes
  2 ball lightnings (Pan)
  3 fire vortices (Pan)
  A lurking horror (Abyss:3)
  5 starspawn tentacles (Abyss:3)
  3 tentacles (Abyss:3)
3337 creatures vanquished.

Vanquished Creatures (collateral kills)
  3 Killer Klowns (Zot:5)
  Margery (Crypt:3)
  A Tzitzimitl (Pan)
  An electric golem (Zot:5)
  3 Orb Guardians (Zot:5)
  A death cob (Zot:5)
  A demonspawn warmonger (Pan)
  A draconian stormcaller (Depths:4)
  3 very ugly things (Depths:4)
  A green draconian (Depths:4)
  A deep elf high priest (Crypt:3)
  An ice dragon (Depths:4)
  A catoblepas (Lair:4)
  A death scarab (Tomb:2)
  A spriggan berserker (Depths:4)
  A tengu warrior (D:13)
  A sun demon (Pan)
  A hell knight (Crypt:3)
  2 deep trolls (Depths:4)
  A large abomination (Pan)
  A flayed ghost (Pan)
  An ugly thing (Depths:4)
  An efreet (Pan)
  A merfolk (Shoals:3)
  A ynoxinul (Pan)
  A warg (Orc:2)
  A chaos spawn (Pan)
  A wight (D:8)
  A hound (D:5)
  An orc priest (Orc:2)
  An orc wizard (D:5)
  An ogre skeleton (Crypt:3)
  A gnoll (D:9)
  4 orcs
44 creatures vanquished.

Vanquished Creatures (others)
  A dread lich (Zot:5)
  An ancient lich (Zot:5)
  Parghit (Depths:4)
  2 Killer Klowns (Zot:5)
  5 Orb Guardians (Zot:5)
  3 liches
  A titan (Pan)
  A tentacled monstrosity (Abyss:3)
  A sphinx (Depths:4)
  A storm dragon (Zot:5)
  A frost giant (Depths:4)
  A ghost moth (Zot:1)
  A draconian monk (Depths:4)
  A fire giant (Depths:4)
  2 draconian annihilators
  A demonspawn blood saint (Pan)
  A demonspawn corrupter (Pan)
  2 black draconians (Depths:4)
  4 white draconians (Depths:4)
  A very ugly thing (Depths:4)
  4 purple draconians
  6 red draconians (Depths:4)
  2 ettins (Depths:4)
  2 deep elf high priests (Elf:3)
  2 fire dragons
  A caustic shrike simulacrum (Coc:4)
  A jorogumo (Pan)
  An anaconda (Snake:1)
  A deep troll shaman (Depths:4)
  A tengu warrior (Depths:4)
  A shock serpent (Snake:1)
  A salamander mystic (Depths:4)
  An iron troll (Depths:4)
  A soul eater (Pan)
  3 deep trolls (Depths:4)
  2 glowing orange brains
  A shadow demon (Pan)
  A sun moth (Pan)
  3 smoke demons (Pan)
  A black mamba (Snake:4)
  An emperor scorpion simulacrum (Coc:1)
  An anaconda simulacrum (Coc:1)
  4 hellwings (Pan)
  A merfolk (Shoals:4)
  A ynoxinul (Pan)
  A stone giant simulacrum (Coc:1)
  A water elemental (Shoals:4)
  5 golden eyes (Pan)
  2 chaos spawn (Pan)
  2 neqoxecs (Pan)
  2 harpy simulacra (Coc:4)
  A wolf (D:9)
  2 wights (D:8)
  A hell rat (Lair:4)
  6 ball lightnings (Pan)
  6 foxfires (Abyss:3)
  7 starspawn tentacles
  8 tentacles (Abyss:3)
120 creatures vanquished.

Grand Total: 3501 creatures vanquished

Notes
Turn   | Place    | Note
-------+----------+-------------------------------------------
     0 | D:1      | Armakuni the Human Artificer began the quest for the Orb.
     0 | D:1      | Reached XP level 1. HP: 15/15 MP: 1/1
   118 | D:1      | Reached skill level 1 in Maces & Flails
   121 | D:1      | Reached XP level 2. HP: 9/21 MP: 2/2
   466 | D:1      | Reached XP level 3. HP: 20/26 MP: 3/3
   800 | D:1      | Reached skill level 1 in Short Blades
   958 | D:2      | Found a faded altar of an unknown god.
  1041 | D:2      | Reached XP level 4. HP: 32/32 MP: 4/4
  1829 | D:3      | Reached XP level 5. HP: 36/37 MP: 5/5
  1863 | D:3      | Noticed Jessica
  1872 | D:3      | Killed Jessica
  1915 | D:3      | Reached skill level 5 in Evocations
  2599 | D:4      | Reached XP level 6. HP: 33/43 MP: 4/6
  2601 | D:4      | Identified the +5 ring mail of the Comet {Regen+ Dex+5}
  2784 | D:4      | Noticed a black bear
  2790 | D:4      | Killed a black bear
  2982 | D:4      | Found Zaeclullaa's General Store.
  2998 | D:4      | Bought a potion of might for 44 gold pieces
  3062 | D:5      | Entered Level 5 of the Dungeon
  3085 | D:5      | Reached XP level 7. HP: 46/52 MP: 3/7
  3268 | D:5      | Noticed a two-headed ogre
  3435 | D:5      | Killed a two-headed ogre
  3436 | D:5      | Reached XP level 8. HP: 43/58 MP: 5/8
  3533 | D:5      | Found an ornate altar of the Wu Jian Council.
  3703 | D:6      | Found a blossoming altar of Fedhas.
  3821 | D:6      | Reached XP level 9. HP: 62/63 MP: 7/9
  4104 | D:6      | Found a radiant altar of Vehumet.
  4339 | D:6      | Found a staircase to the Ecumenical Temple.
  4350 | Temple   | Entered the Ecumenical Temple
  4382 | Temple   | Became a worshipper of Gozag Ym Sagoz the Greedy
  4405 | D:6      | Found an ancient bone altar of Kikubaaqudgha.
  4447 | D:6      | Reached skill level 10 in Dodging
  5100 | D:7      | Reached skill level 1 in Ranged Weapons
  5202 | D:7      | You fall into a shaft and drop 3 floors!
  5202 | D:10     | Entered Level 10 of the Dungeon
  5564 | D:7      | Noticed a komodo dragon
  5577 | D:7      | Killed a komodo dragon
  5853 | D:8      | Reached XP level 10. HP: 70/70 MP: 10/10
  5901 | D:8      | Found Himpio's Changing Room.
  5915 | D:8      | Reached skill level 5 in Ranged Weapons
  5924 | D:8      | Bought a potion of lignification for 36 gold pieces
  6393 | D:9      | Noticed Grum
  6407 | D:9      | Killed Grum
  6519 | D:9      | Found a broken altar of Ashenzari.
  6548 | D:9      | Paralysed by a hornet for 1 turns
  6859 | D:9      | Found a white marble altar of Elyvilon.
  6859 | D:9      | Found a sparkling altar of Nemelex Xobeh.
  7340 | D:10     | Reached skill level 10 in Ranged Weapons
  7374 | D:10     | Found Baahu's Distillery.
  7382 | D:10     | Bought a potion of heal wounds for 50 gold pieces
  7382 | D:10     | Bought a potion of degeneration for 10 gold pieces
  7580 | D:10     | Found a staircase to the Orcish Mines.
  7606 | D:10     | Found a glowing golden altar of the Shining One.
  7658 | D:10     | Noticed a two-headed ogre
  7679 | D:10     | Killed a two-headed ogre
  7680 | D:10     | Reached XP level 11. HP: 75/75 MP: 11/11
  7850 | D:11     | Noticed a sixfirhy
  7878 | D:11     | Found a staircase to the Lair.
  7882 | D:11     | Noticed an oklob plant
  8103 | D:11     | Noticed a boulder beetle
  8205 | D:11     | Killed a boulder beetle
  8417 | D:11     | Noticed Harold
  8420 | D:11     | Paralysed by Harold for 2 turns
  8432 | D:11     | Paralysed by Harold for 4 turns
  8448 | D:11     | Killed Harold
  8448 | D:11     | Noticed a boulder beetle
  8486 | D:11     | Killed a boulder beetle
  8866 | D:12     | Noticed Urug
  8866 | D:12     | Noticed a deep elf pyromancer
  8866 | D:12     | Found a transporter.
  9014 | D:12     | Upgraded the game from 0.32-a0-589-g2d1f746d5d to
                  | 0.32-a0-607-g64ea0e4219
  9029 | D:12     | Killed Urug
  9098 | D:12     | Noticed a fire dragon
  9098 | D:12     | Noticed a green ugly thing
  9100 | D:12     | Noticed t4s4d4r's ghost (journeyman CoFi)
  9103 | D:12     | Noticed a white ugly thing
  9145 | D:12     | Killed a deep elf pyromancer
  9165 | D:12     | Noticed a manticore
  9304 | D:12     | Killed a manticore
  9582 | D:12     | Noticed a cyclops
  9681 | D:12     | Noticed a manticore
  9683 | D:12     | Noticed a deep elf pyromancer
  9703 | D:12     | Found a transporter.
 10037 | D:12     | Reached XP level 12. HP: 14/81 MP: 2/12
 10140 | D:13     | Found a gate to the Vaults.
 10140 | D:13     | Noticed a vault guard
 10140 | D:13     | Noticed a vault guard
 10140 | D:13     | Noticed a vault guard
 10141 | D:13     | Noticed a vault guard
 10141 | D:13     | Noticed a vault guard
 10141 | D:13     | Noticed a vault guard
 10143 | D:13     | Noticed a vault guard
 10143 | D:13     | Noticed a vault guard
 10146 | D:13     | Killed a vault guard
 10147 | D:13     | Killed a vault guard
 10147 | D:13     | Killed a vault guard
 10154 | D:13     | Noticed a tengu warrior
 10155 | D:13     | Killed a vault guard
 10155 | D:13     | Killed a vault guard
 10155 | D:13     | Killed a vault guard
 10155 | D:13     | Killed a vault guard
 10156 | D:13     | Reached skill level 15 in Ranged Weapons
 10164 | D:13     | Noticed a tengu warrior
 10197 | D:12     | Killed a vault guard
 10233 | D:13     | Killed a tengu warrior
 10361 | D:9      | Bought the +8 orcbow of the Bespelled God {freeze, *Corrode
                  | rElec rF+ Str+2} for 988 gold pieces
 10449 | D:13     | Noticed a centaur warrior
 10459 | D:13     | Killed a centaur warrior
 10763 | D:13     | Reached XP level 13. HP: 86/86 MP: 13/13
 11654 | D:14     | Noticed Frances
 11784 | Lair:1   | Entered Level 1 of the Lair of Beasts
 11823 | Lair:1   | Found a dark tunnel.
 11835 | Volcano  | Entered a volcano
 12167 | Lair:1   | Found a frozen archway.
 12179 | IceCv    | Entered an ice cave
 13296 | IceCv    | Reached XP level 14. HP: 93/93 MP: 14/14
 13626 | Lair:1   | Identified the +7 dagger "Ultimatum" {freeze, *Corrode
                  | rPois rF+ Int+5}
 13965 | Lair:1   | Found a runed translucent gate.
 13965 | Lair:1   | Found a runed translucent gate.
 13965 | Lair:1   | Noticed Weusopre's ghost (novice DrCj)
 13968 | Lair:1   | Found a runed translucent gate.
 14298 | Lair:1   | Found a viscous altar of Jiyva.
 14534 | Lair:2   | Found a staircase to the Snake Pit.
 14986 | Lair:2   | Found a staircase to the Shoals.
 15305 | Lair:3   | Found a gate leading to a gauntlet.
 15312 | Gauntlet | Entered a Gauntlet
 15312 | Gauntlet | Found a transporter.
 15312 | Gauntlet | Found a transporter.
 15312 | Gauntlet | Found a transporter.
 15313 | Gauntlet | Found a transporter.
 15316 | Gauntlet | Found a transporter.
 15316 | Gauntlet | Found a transporter.
 15330 | Gauntlet | Found a transporter.
 15332 | Gauntlet | Found a large runed translucent door.
 15333 | Gauntlet | Found a large runed translucent door.
 15334 | Gauntlet | Found a large runed translucent door.
 15334 | Gauntlet | Found a large runed translucent door.
 15334 | Gauntlet | Found a runed translucent door.
 15334 | Gauntlet | Found a runed translucent door.
 15335 | Gauntlet | Found a large runed translucent door.
 15335 | Gauntlet | Found a large runed translucent door.
 15335 | Gauntlet | Found a large runed translucent door.
 15335 | Gauntlet | Found a large runed translucent door.
 15336 | Gauntlet | Found a large runed translucent door.
 15336 | Gauntlet | Found a large runed translucent door.
 15337 | Gauntlet | Found a large runed translucent door.
 15337 | Gauntlet | Found a large runed translucent door.
 15338 | Gauntlet | Found a runed translucent gate.
 15338 | Gauntlet | Found a runed translucent gate.
 15338 | Gauntlet | Found a runed translucent gate.
 15340 | Gauntlet | Found a transporter.
 15351 | Gauntlet | Found a large runed translucent door.
 15352 | Gauntlet | Found a large runed translucent door.
 15361 | Gauntlet | Found a large runed translucent door.
 15361 | Gauntlet | Found a large runed translucent door.
 15369 | Gauntlet | Found a transporter.
 15441 | Gauntlet | Found a transporter.
 15445 | Gauntlet | Found a transporter.
 15455 | Gauntlet | Found a transporter.
 15651 | Gauntlet | Identified the +2 pair of boots of Spaghetti {rElec rC+ rN+
                  | Will+}
 15695 | Gauntlet | Identified the +0 rapier of Success {venom, rF+ rC+ Str+3
                  | Dex+3}
 15695 | Gauntlet | Identified the +6 chain mail of Pragmatism {rC+ MP+9}
 16833 | Lair:4   | Reached XP level 15. HP: 75/98 MP: 10/15
 17186 | Lair:5   | Entered Level 5 of the Lair of Beasts
 17234 | Lair:5   | Found a viscous altar of Jiyva.
 17234 | Lair:5   | Found a staircase to the Slime Pits.
 17659 | Lair:5   | Found a burning altar of Makhleb.
 17690 | Lair:5   | Found a gateway to Hell.
 17693 | Lair:5   | Got an earthy gem with 90 turns to spare
 17960 | Lair:5   | Found the +5 robe of Night {Dark Will+ SInv}
 18040 | Lair:5   | Noticed Josephine
 18045 | Lair:5   | Killed Josephine
 18628 | Orc:1    | Entered Level 1 of the Orcish Mines
 18629 | Orc:1    | Found Yfaleol's Weapon Shop.
 18857 | Orc:1    | Found a roughly hewn altar of Beogh.
 19050 | Orc:1    | Found Nutyis's Armour Shoppe.
 19066 | Orc:1    | Found Laczicel's Armour Shoppe.
 19136 | Orc:1    | You fall into a shaft and drop 1 floor!
 19136 | Orc:2    | Entered Level 2 of the Orcish Mines
 19451 | Orc:2    | Noticed Saint Roka
 19484 | Orc:2    | Killed Saint Roka
 19485 | Orc:2    | Reached XP level 16. HP: 102/104 MP: 14/16
 19555 | Orc:2    | Found Ohagos's Antique Armour Emporium.
 19559 | Orc:2    | Found a roughly hewn altar of Beogh.
 19559 | Orc:2    | Found Ogouz's Antique Weapon Shoppe.
 19827 | Orc:2    | Found a staircase to the Elven Halls.
 19861 | Orc:2    | Found a roughly hewn altar of Beogh.
 19937 | Orc:2    | Found a roughly hewn altar of Beogh.
 19967 | Orc:2    | Found Eqas Cue's Book Emporium.
 19990 | Orc:2    | Found a roughly hewn altar of Beogh.
 20078 | Orc:2    | Found a roughly hewn altar of Beogh.
 20137 | Orc:2    | Found a roughly hewn altar of Beogh.
 20149 | Orc:2    | Found Yfashrakk's Antique Weapon Boutique.
 20266 | Orc:2    | Found a roughly hewn altar of Beogh.
 20362 | D:8      | Bought 2 potions of mutation for 192 gold pieces
 20431 | D:10     | Bought a potion of magic for 80 gold pieces
 20431 | D:10     | Bought a potion of heal wounds for 50 gold pieces
 20431 | D:10     | Bought a potion of curing for 30 gold pieces
 20431 | D:10     | Bought 2 potions of curing for 60 gold pieces
 20565 | Shoals:1 | Entered Level 1 of the Shoals
 21598 | Shoals:2 | You fall into a shaft and drop 1 floor!
 21648 | Shoals:3 | Found Jacigy Gadar's Assorted Antiques.
 21694 | Shoals:2 | Found Tonlimp's Distillery.
 21706 | Shoals:2 | Bought a potion of mutation for 160 gold pieces
 21707 | Shoals:2 | Bought a potion of haste for 200 gold pieces
 21707 | Shoals:2 | Bought a potion of resistance for 200 gold pieces
 21707 | Shoals:2 | Bought 2 potions of resistance for 400 gold pieces
 21707 | Shoals:2 | Bought a potion of curing for 60 gold pieces
 22240 | Shoals:3 | Bought a scroll of blinking for 315 gold pieces
 22240 | Shoals:3 | Bought a potion of haste for 420 gold pieces
 22709 | Shoals:4 | Entered Level 4 of the Shoals
 22918 | Shoals:4 | Reached XP level 17. HP: 109/109 MP: 17/17
 22950 | Shoals:4 | Noticed a sphinx
 23057 | Shoals:3 | Killed a sphinx
 23525 | Shoals:4 | Noticed a sphinx
 23530 | Shoals:4 | Killed a sphinx
 23551 | Shoals:4 | Noticed a sphinx
 23641 | Shoals:4 | Reached skill level 27 in Ranged Weapons
 23736 | Shoals:4 | Killed a sphinx
 23743 | Shoals:4 | Reached skill level 5 in Fighting
 24066 | Shoals:4 | Identified the staff "Tumpuff" {rElec rF+ rCorr Int+4 Air}
 24114 | Shoals:4 | Got a barnacled rune of Zot
 24210 | Shoals:4 | Identified the +9 morningstar of Cheibriados's Favour
                  | {freeze, rPois rN+ rCorr Dex-3}
 24423 | Snake:1  | Entered Level 1 of the Snake Pit
 24525 | Snake:1  | Reached skill level 5 in Armour
 25045 | Snake:2  | Found Zusmoofi's Distillery.
 25055 | Snake:2  | Bought a potion of heal wounds for 85 gold pieces
 25055 | Snake:2  | Bought a potion of enlightenment for 85 gold pieces
 25055 | Snake:2  | Bought a potion of enlightenment for 85 gold pieces
 25055 | Snake:2  | Bought a potion of ambrosia for 136 gold pieces
 25055 | Snake:2  | Bought a potion of curing for 51 gold pieces
 25426 | Snake:2  | Found Bamimen's Antique Armour Shop.
 25427 | Snake:2  | Found Xut Erio's Distillery.
 25436 | Snake:2  | Reached skill level 10 in Armour
 25439 | Snake:2  | Bought a fading ring mail for 270 gold pieces
 25439 | Snake:2  | Identified the +5 ring mail of Leaves {Str+5} (You bought
                  | it in a shop on level 2 of the Snake Pit)
 25448 | Snake:2  | Bought a glowing hat for 210 gold pieces
 25468 | Snake:2  | Bought a potion of curing for 45 gold pieces
 25468 | Snake:2  | Bought a potion of resistance for 150 gold pieces
 25468 | Snake:2  | Bought 2 potions of enlightenment for 150 gold pieces
 25468 | Snake:2  | Bought a potion of mutation for 120 gold pieces
 25483 | Snake:2  | Reached XP level 18. HP: 122/122 MP: 18/18
 25651 | Snake:2  | Found a large runed translucent door.
 25651 | Snake:2  | Found a large runed translucent door.
 25660 | Snake:2  | Noticed casual's ghost (adept CoMo)
 26681 | Snake:3  | Noticed Mara
 26688 | Snake:3  | Noticed Armakuni's illusion
 26905 | Snake:3  | Killed Mara
 26906 | Snake:3  | Reached skill level 15 in Armour
 27259 | Snake:3  | Noticed Roxanne
 27276 | Snake:3  | Killed Roxanne
 27421 | Snake:4  | Entered Level 4 of the Snake Pit
 27431 | Snake:4  | Found a runed translucent gate.
 27431 | Snake:4  | Found a runed translucent gate.
 27432 | Snake:4  | Found a runed translucent gate.
 27433 | Snake:4  | Noticed sanka's ghost (adept MfAl)
 27653 | Snake:4  | Found Oshrid's Antique Armour Boutique.
 27658 | Snake:4  | Found Ismug's Weapon Shop.
 27660 | Snake:4  | Found Hoicas's Book Boutique.
 27665 | Snake:4  | Bought a slimy scale mail for 261 gold pieces
 27665 | Snake:4  | Identified the +0 scale mail of the Powerful Sparrow {rCorr
                  | Dex+2} (You bought it in a shop on level 4 of the Snake
                  | Pit)
 27996 | Snake:4  | Noticed Agnes
 28007 | Snake:4  | Killed Agnes
 28247 | Snake:4  | Reached XP level 19. HP: 135/135 MP: 19/19
 28454 | Snake:4  | Got a serpentine rune of Zot
 28664 | Snake:4  | Noticed Vashnia
 28706 | Snake:4  | Killed Vashnia
 29248 | Lair:1   | Killed Weusopre's ghost
 29368 | D:12     | Reached skill level 1 in Shapeshifting
 29371 | D:12     | Reached skill level 10 in Fighting
 29397 | D:12     | Killed t4s4d4r's ghost
 29557 | D:14     | Killed Frances
 29773 | D:15     | Entered Level 15 of the Dungeon
 29785 | D:15     | Found a shadowy altar of Dithmenos.
 29823 | D:15     | Reached skill level 5 in Shapeshifting
 30042 | D:15     | Found a staircase to the Depths.
 30693 | D:15     | Found an ornate altar of the Wu Jian Council.
 31004 | Vaults:1 | Entered Level 1 of the Vaults
 31390 | Vaults:1 | Reached XP level 20. HP: 147/147 MP: 20/20
 31791 | Vaults:1 | Reached skill level 10 in Shapeshifting
 32623 | Vaults:2 | Paralysed by a formless jellyfish for 1 turns
 32641 | Vaults:2 | Paralysed by a formless jellyfish for 1 turns
 33595 | Vaults:2 | Found a staircase to the Crypt.
 33991 | Vaults:3 | Reached XP level 21. HP: 153/153 MP: 21/21
 34184 | Vaults:3 | Noticed a dread lich
 34196 | Vaults:3 | Killed a dread lich
 34608 | Vaults:3 | Reached skill level 15 in Shapeshifting
 34650 | Vaults:3 | Identified the ring of the Dropbear {Str+5 Slay+5 SInv
                  | Stlth-}
 35103 | Vaults:3 | Found Caekk's Book Shoppe.
 35109 | Vaults:3 | Identified the +5 sling of Molacs {antimagic, Will+ Str+3}
 35411 | Vaults:4 | Noticed Zenata
 35488 | Vaults:4 | Killed Zenata
 35595 | Vaults:4 | Noticed Xtahua
 35630 | Vaults:4 | Killed Xtahua
 35867 | Vaults:4 | Identified the +0 robe "Jainn" {Will++ Str-4}
 36558 | Vaults:4 | Noticed a dread lich
 36574 | Vaults:4 | Killed a dread lich
 37300 | Depths:1 | Entered Level 1 of the Depths
 37483 | Depths:1 | Reached XP level 22. HP: 129/159 MP: 16/22
 37939 | Depths:1 | Found Rirchan's Self-Improvement Boutique.
 38221 | Depths:1 | Identified the scarf of the Iron Devil {repulsion, Rampage
                  | Int-5 SInv Stlth-}
 38822 | Depths:2 | Found a one-way gate leading to the halls of Pandemonium.
 38932 | Depths:2 | Found a one-way gateway to a ziggurat.
 39275 | Depths:2 | Identified the +4 hand axe "Anneggor" {antimagic, rC+++
                  | Will+ Stlth-}
 39495 | Depths:3 | Found a one-way gate to the infinite horrors of the Abyss.
 39605 | Depths:3 | Identified 2 scrolls of acquirement
 39650 | Depths:3 | Noticed a juggernaut
 39667 | Depths:3 | Killed a juggernaut
 39768 | Depths:3 | Noticed a juggernaut
 39787 | Depths:3 | Killed a juggernaut
 39827 | Depths:3 | Reached XP level 23. HP: 82/165 MP: 17/23
 39922 | Depths:3 | Identified the +2 helmet "Ytotym" {Dex+4}
 40616 | Depths:3 | Identified the +4 robe of the Dungeon {rCorr}
 40616 | Depths:3 | Noticed Boris
 40629 | Depths:3 | Killed Boris
 40697 | Depths:3 | Found a sparkling altar of Nemelex Xobeh.
 41166 | Depths:3 | Acquired the ring "Cahalu" {rElec Will+ Str+6}
 41172 | Depths:3 | Acquired 707 gold pieces
 41174 | Depths:3 | Acquired 814 gold pieces
 41213 | Depths:4 | Entered Level 4 of the Depths
 41271 | Depths:4 | Noticed Parghit
 41296 | Depths:4 | Your ally Parghit died
 41438 | Depths:4 | Identified the orb "Suuneukk" {light, Conj Necro}
 41438 | Depths:4 | Noticed Frederick
 41442 | Depths:4 | Noticed a caustic shrike
 41550 | Depths:4 | Noticed a caustic shrike
 41554 | Depths:4 | Killed a caustic shrike
 41554 | Depths:4 | Noticed a caustic shrike
 41560 | Depths:4 | Killed a caustic shrike
 41567 | Depths:4 | Killed a caustic shrike
 41603 | Depths:4 | Killed Frederick
 42139 | Depths:4 | Noticed a golden dragon
 42147 | Depths:4 | Noticed a golden dragon
 42173 | Depths:4 | Killed a golden dragon
 42184 | Depths:4 | Killed a golden dragon
 42253 | Depths:4 | Noticed a golden dragon
 42274 | Depths:4 | Killed a golden dragon
 42360 | Depths:4 | Identified the +5 flail "Lajepi" {flame, Will+}
 42369 | Depths:4 | Found a gate to the Realm of Zot.
 42927 | Depths:4 | Found a shimmering altar of Xom.
 43521 | Crypt:1  | Entered Level 1 of the Crypt
 43810 | Crypt:1  | Reached XP level 24. HP: 155/172 MP: 20/23
 45077 | Crypt:3  | Entered Level 3 of the Crypt
 45105 | Crypt:3  | Reached skill level 10 in Evocations
 45136 | Crypt:3  | Learned a level 1 spell: Apportation
 45139 | Crypt:3  | Learned a level 2 spell: Blink
 45142 | Crypt:3  | Learned a level 2 spell: Lesser Beckoning
 45147 | Crypt:3  | Learned a level 4 spell: Vhi's Electric Charge
 45236 | Crypt:3  | Found a staircase to the Tomb.
 45285 | Crypt:3  | Noticed a curse toe
 45340 | Crypt:3  | Identified the amulet of Nurowkus {rC+ RegenMP+ Dex-2
                  | Slay+5}
 45360 | Crypt:3  | Killed a curse toe
 45367 | Crypt:3  | Noticed Margery
 45383 | Crypt:3  | Killed Margery
 45440 | Crypt:3  | Noticed an ancient lich
 45440 | Crypt:3  | Noticed a dread lich
 45451 | Crypt:3  | Killed an ancient lich
 45456 | Crypt:3  | Killed a dread lich
 45472 | Crypt:3  | Got the Teachings on Lamentation
 45473 | Crypt:3  | Noticed a dread lich
 45482 | Crypt:3  | Paralysed by a dread lich for 3 turns
 45486 | Crypt:3  | Killed a dread lich
 45504 | Crypt:3  | Got an ivory gem with 148 turns to spare
 45508 | Crypt:3  | Identified the ring of the Endless Expanse {Fly rN+ Dex+6}
 45513 | Crypt:3  | Identified the ring "Asuhaiga" {MP+9 Int+2}
 46526 | Vaults:5 | Entered Level 5 of the Vaults
 46652 | Vaults:5 | Reached skill level 5 in Translocations
 46826 | Vaults:5 | Acquired the ring of the Noxious Date {Will+ rCorr Str+2
                  | Slay+4}
 46905 | Vaults:5 | Noticed Bai Suzhen
 46907 | Vaults:5 | Reached XP level 25. HP: 161/188 MP: 23/26
 46916 | Vaults:5 | Killed Bai Suzhen
 47301 | Vaults:5 | Reached skill level 10 in Translocations
 47423 | Vaults:5 | Noticed Jory
 47435 | Vaults:5 | Killed Jory
 47506 | Vaults:5 | Reached skill level 5 in Spellcasting
 47651 | Vaults:5 | Identified the +1 arbalest of Poverty {speed, rC+}
 47759 | Vaults:5 | Found Noris's Antique Weapon Boutique.
 47968 | Vaults:5 | Got a silver rune of Zot
 48230 | Elf:1    | Entered Level 1 of the Elven Halls
 48336 | Elf:1    | Noticed Donald
 48345 | Elf:1    | Killed Donald
 48349 | Elf:1    | Found Nucutal's Book Shoppe.
 48354 | Elf:1    | Found Nolij's Book Shoppe.
 48354 | Elf:1    | You fall into a shaft and drop 1 floor!
 48496 | Elf:2    | Found a shimmering blue altar of Sif Muna.
 48610 | Elf:1    | Noticed kae's ghost (adept DrSh)
 48617 | Elf:1    | Found a runed translucent door.
 48633 | Elf:1    | Paralysed by an air elemental for 1 turns
 48704 | Elf:1    | Identified the +2 ring mail of Opretues {Rampage Str-4
                  | Int+4 Dex+8}
 48733 | Elf:1    | Identified the serpent talisman "Naosaix" {rF+ rN+ Int+3
                  | Dex-4}
 48733 | Elf:1    | Noticed Aizul
 48743 | Elf:1    | Killed Aizul
 48836 | Elf:1    | Found Iwucaeh's Jewellery Shop.
 49259 | Elf:1    | Identified the +1 whip of Yfraw {freeze, *Rage rElec rC+
                  | Will+}
 49440 | Elf:1    | Killed kae's ghost
 49535 | Elf:2    | Found a runed translucent gate.
 49535 | Elf:2    | Found a runed translucent gate.
 49538 | Elf:2    | Found a runed translucent gate.
 49538 | Elf:2    | Noticed Louise
 49824 | Elf:3    | Entered Level 3 of the Elven Halls
 49925 | Elf:3    | Found Jeokhluhi's Armour Emporium.
 49938 | Elf:3    | Bought the +2 pair of gloves of Sunlight {rPois Int+3 Dex+4
                  | Slay+5} for 1105 gold pieces
 50082 | Elf:3    | Reached XP level 26. HP: 146/198 MP: 20/30
 50350 | Elf:3    | Identified the amulet of Poah {Spirit Rampage rPois}
 50379 | Elf:3    | Got Kummept's Handbook of the Rocks
 50435 | Elf:3    | Identified the death talisman of Divine Intervention {*Slow
                  | Will+ rCorr Str+7}
 50464 | Elf:3    | Found the amulet of Vitality {Regen++ RegenMP++}
 50475 | Elf:3    | Identified the +1 executioner's axe of the Pit {freeze,
                  | rElec Str+2 Int+4}
 50486 | Elf:3    | Identified the +6 flail "Nahohah" {heavy, *Noise rF+ Str+3
                  | SInv}
 50492 | Elf:3    | Identified the staff "Rastrommo" {rPois Will- SInv Fire
                  | Earth}
 50519 | Elf:3    | Identified the staff "Roliy" {rElec Str+3 Summ Air}
 50553 | Elf:3    | Identified the +3 plate armour of the Enchanted Forest
                  | {Str+5}
 50718 | Elf:3    | Reached skill level 15 in Dodging
 50732 | Elf:3    | Found a radiant altar of Vehumet.
 50742 | Elf:3    | Reached skill level 15 in Fighting
 51203 | Slime:1  | Entered Level 1 of the Pits of Slime
 52207 | Slime:5  | Entered Level 5 of the Pits of Slime
 52258 | Slime:5  | Noticed the Royal Jelly
 52267 | Slime:5  | Killed the Royal Jelly
 52440 | Slime:5  | Identified the +2 ring mail "Fiosutwe" {Slay+3}
 52522 | Slime:5  | Identified the +4 shortbow of Equilibrium {freeze, rElec}
 52650 | Slime:5  | Got a slimy rune of Zot
 52655 | Slime:5  | Got the Handbook of the Frozen Jinx
 52736 | Slime:5  | Got the Grimoire of the Bloody Congregation
 52739 | Slime:5  | Identified the +4 barding "Bonel" {Rampage rC+++ Int-2
                  | Stlth-}
 52966 | Lair:1   | Bought a scroll of blinking for 120 gold pieces
 52966 | Lair:1   | Bought a scroll of blinking for 120 gold pieces
 52966 | Lair:1   | Bought a scroll of blinking for 120 gold pieces
 52966 | Lair:1   | Bought a scroll of fog for 64 gold pieces
 52966 | Lair:1   | Bought a scroll of fog for 64 gold pieces
 52981 | Lair:1   | Bought a glowing helmet for 210 gold pieces
 53192 | Pan      | Entered Pandemonium
 53641 | Pan      | Noticed Ynakket the pandemonium lord
 53685 | Pan      | Killed Ynakket the pandemonium lord
 53830 | Depths:2 | Escaped Pandemonium
 53859 | Zig:1    | Entered Level 1 of a ziggurat
 53880 | Zig:2    | Entered Level 2 of a ziggurat
 53902 | Zig:3    | Entered Level 3 of a ziggurat
 53917 | Zig:3    | Identified the staff of Beogh {rN+ Dex+3 Necro}
 53934 | Zig:4    | Entered Level 4 of a ziggurat
 53974 | Zig:5    | Entered Level 5 of a ziggurat
 54047 | Zig:6    | Entered Level 6 of a ziggurat
 54089 | Zig:6    | Identified the ring "Durotz" {Fire +Blink Fly rCorr Int+4}
 54098 | Zig:6    | Reached XP level 27. HP: 215/215 MP: 30/30
 54115 | Zig:6    | Identified the ring of Balance {rElec rC+}
 54120 | Zig:7    | Entered Level 7 of a ziggurat
 54125 | Zig:7    | Noticed a dread lich
 54151 | Zig:7    | Killed a dread lich
 54197 | Zig:8    | Entered Level 8 of a ziggurat
 54208 | Zig:8    | Found the sphere of Battle
 54288 | Zig:8    | Identified the +6 hand axe of a treasure trove {vamp, rPois
                  | rF- Int+3 Dex+2}
 54293 | Zig:8    | Identified the +4 robe "Jiweyvi" {Rampage}
 54300 | Zig:8    | Identified the amulet "Ilair" {Spirit rElec rC+}
 54312 | Zig:9    | Entered Level 9 of a ziggurat
 54381 | Zig:9    | Found the +4 skin of Zhor {*Englaciate rC+++ SInv}
 54475 | Zig:10   | Entered Level 10 of a ziggurat
 54484 | Zig:10   | Paralysed by an air elemental for 1 turns
 54490 | Zig:10   | Paralysed by an air elemental for 1 turns
 54579 | Zig:10   | Identified the ring "Umaezeli" {EV+5 Int+3}
 54592 | Zig:11   | Entered Level 11 of a ziggurat
 54601 | Zig:11   | Noticed Ditotoj the pandemonium lord
 54966 | Tomb:1   | Entered Level 1 of the Tomb of the Ancients
 55345 | Tomb:1   | Noticed a royal mummy
 55346 | Tomb:1   | Noticed a royal mummy
 55443 | Tomb:1   | Killed a royal mummy
 55488 | Tomb:1   | Killed a royal mummy
 56009 | Tomb:2   | Noticed a royal mummy
 56009 | Tomb:2   | Noticed a royal mummy
 56009 | Tomb:2   | Noticed a royal mummy
 56012 | Tomb:2   | Noticed a royal mummy
 56077 | Tomb:2   | Killed a royal mummy
 56082 | Tomb:2   | Killed a royal mummy
 56094 | Tomb:2   | Killed a royal mummy
 56128 | Tomb:2   | Killed a royal mummy
 56182 | Tomb:1   | Noticed a royal mummy
 56184 | Tomb:1   | Noticed a royal mummy
 56186 | Tomb:1   | Noticed a royal mummy
 56191 | Tomb:1   | Killed a royal mummy
 56196 | Tomb:1   | Noticed a royal mummy
 56197 | Tomb:1   | Noticed a royal mummy
 56201 | Tomb:1   | Noticed a royal mummy
 56207 | Tomb:1   | Killed a royal mummy
 56208 | Tomb:1   | Killed a royal mummy
 56210 | Tomb:1   | Killed a royal mummy
 56211 | Tomb:1   | Noticed a royal mummy
 56211 | Tomb:1   | Noticed a royal mummy
 56379 | Tomb:2   | Identified the +7 dagger of Mygysieb {flame, rN+ Str+3}
 56641 | Tomb:1   | Noticed a royal mummy
 56641 | Tomb:1   | Noticed a royal mummy
 56648 | Tomb:1   | Noticed a royal mummy
 56652 | Tomb:1   | Killed a royal mummy
 56653 | Tomb:1   | Noticed a royal mummy
 56662 | Tomb:1   | Killed a royal mummy
 56798 | Tomb:1   | Noticed a royal mummy
 56806 | Tomb:1   | Killed a royal mummy
 56808 | Tomb:1   | Killed a royal mummy
 57011 | Tomb:1   | Noticed a royal mummy
 57016 | Tomb:1   | Killed a royal mummy
 57018 | Tomb:1   | Killed a royal mummy
 57160 | Tomb:1   | Killed a royal mummy
 57166 | Tomb:1   | Killed a royal mummy
 57210 | Tomb:1   | Killed a royal mummy
 57219 | Tomb:1   | Killed a royal mummy
 57296 | Tomb:1   | Noticed a royal mummy
 57302 | Tomb:1   | Noticed a royal mummy
 57306 | Tomb:1   | Killed a royal mummy
 57308 | Tomb:1   | Noticed a royal mummy
 57309 | Tomb:1   | Noticed a royal mummy
 57313 | Tomb:1   | Killed a royal mummy
 57571 | Tomb:1   | Killed a royal mummy
 57610 | Tomb:1   | Killed a royal mummy
 57964 | Tomb:3   | Entered Level 3 of the Tomb of the Ancients
 57986 | Tomb:3   | Noticed a royal mummy
 57989 | Tomb:3   | Noticed a royal mummy
 57994 | Tomb:3   | Noticed a royal mummy
 57994 | Tomb:3   | Noticed a royal mummy
 57994 | Tomb:3   | Noticed a royal mummy
 57994 | Tomb:3   | Noticed a royal mummy
 57994 | Tomb:3   | Noticed Khufu
 57996 | Tomb:3   | Killed a royal mummy
 58003 | Tomb:3   | Killed a royal mummy
 58019 | Tomb:3   | Killed a royal mummy
 58092 | Tomb:3   | Noticed a royal mummy
 58099 | Tomb:3   | Killed a royal mummy
 58100 | Tomb:3   | Killed a royal mummy
 58102 | Tomb:3   | Killed a royal mummy
 58110 | Tomb:3   | Killed Khufu
 58112 | Tomb:3   | Killed a royal mummy
 58114 | Tomb:3   | Noticed a royal mummy
 58119 | Tomb:3   | Killed a royal mummy
 58230 | Tomb:3   | Found the -2 hat of the Alchemist {rElec rPois rF+ rC+ rN+
                  | Will+ rMut rCorr}
 58309 | Tomb:3   | Identified the +4 rapier "Qufagarph" {freeze, rPois}
 58318 | Tomb:3   | Identified the +4 pair of gloves of the Hecatoncheires
                  | {Regen+ Str+7}
 58325 | Tomb:3   | Identified the +8 war axe of Innocence {freeze, ^Contam rN+
                  | Will+ Int+2}
 58336 | Tomb:3   | Identified the amulet of Trepidation {RegenMP+ Dex+3}
 58343 | Tomb:3   | Got Sif Muna's Anthology of Mutual Accelerants
 58364 | Tomb:3   | Identified the staff of Res Ipsa Loquitur {rElec rF+ Air}
 58633 | Tomb:3   | Got a golden rune of Zot
 59191 | D:15     | Bought a transparent ring mail for 468 gold pieces
 59191 | D:15     | Identified the +1 ring mail "Anuf Qeg" {rF+ Will+ Str+3
                  | Stlth-} (You bought it in a shop on level 15 of the
                  | Dungeon)
 59205 | D:15     | Bought a wand of roots (3) for 216 gold pieces
 59261 | Pan      | Entered Pandemonium
 59462 | Pan      | Noticed Jiwkut the pandemonium lord
 59476 | Pan      | Killed Jiwkut the pandemonium lord
 59535 | Pan      | Noticed Manyrph the pandemonium lord
 59543 | Pan      | Killed Manyrph the pandemonium lord
 59556 | Pan      | Got a demonic rune of Zot
 59758 | Pan      | Identified the +9 short sword of a sewer {heavy, Fly Str+4
                  | Int-2 Stlth+}
 59760 | Pan      | Entered the realm of Cerebov.
 59845 | Pan      | Found an exit through the horrors of the Abyss.
 60361 | Pan      | Identified the +1 great sword of the Girdle {flame, rC+
                  | Int+3}
 60361 | Pan      | Identified the ring "Reutwy" {Wiz Will+ Int+3 Dex+4}
 60375 | Pan      | Identified the +6 great sword "Ashrytal" {heavy, *Rage
                  | rElec Dex+5}
 60375 | Pan      | Found the +6 sword of Cerebov {flame}
 60375 | Pan      | Noticed Cerebov
 60435 | Pan      | Identified the +9 falchion of the Loving Mosquito {drain,
                  | rF++ Int-4}
 60712 | Pan      | Got a fiery rune of Zot
 60961 | Pan      | Noticed Gageot the pandemonium lord
 61007 | Pan      | Noticed Mennas
 61027 | Pan      | Killed Mennas
 61244 | Pan      | Noticed Eqyot the pandemonium lord
 61301 | Pan      | Killed Eqyot the pandemonium lord
 61413 | Pan      | Entered the realm of Lom Lobon.
 61480 | Pan      | Identified the +8 chain mail of Focus {rPois Dex+5}
 61581 | Pan      | Found the +6 sword of Cerebov {flame}
 61581 | Pan      | Noticed Cerebov
 61660 | Pan      | Noticed Lom Lobon
 61668 | Pan      | Got a magical rune of Zot
 61751 | Pan      | Learned a level 4 spell: Dimensional Bullseye
 61799 | Pan      | Reached skill level 1 in Hexes
 61844 | Pan      | Identified the +0 tower shield of Cheibriados, Healing {Fly
                  | rN+ Stlth-}
 62033 | Pan      | Identified the +2 tower shield of Greed {rF+ Will+ Str-3
                  | Int+4}
 62300 | Pan      | Found a glowing silver altar of Zin.
 62402 | Pan      | Reached skill level 5 in Hexes
 63500 | Pan      | Identified the amulet "Zalat" {Spirit Int+3}
 63500 | Pan      | Noticed a seraph
 63504 | Pan      | Identified the +10 falchion of Demonkind {flame, rElec rC++
                  | Will+ Dex-3}
 63521 | Pan      | Killed a seraph
 63563 | Pan      | Found a glowing golden altar of the Shining One.
 63604 | Pan      | Identified the +2 long sword "Puliut" {speed, rC+++ Will-
                  | Stlth-}
 63607 | Pan      | Identified the +9 short sword of Kismet {freeze, ^Drain rN+
                  | Int+3}
 63851 | Depths:2 | Escaped Pandemonium
 63857 | Pan      | Entered the realm of Gloorx Vloq.
 63857 | Pan      | Entered Pandemonium
 64119 | Pan      | Found a corrupted altar of Lugonu.
 64326 | Pan      | Noticed Lom Lobon
 64673 | Pan      | Noticed Gloorx Vloq
 64713 | Pan      | Killed Gloorx Vloq
 64767 | Pan      | Got a dark rune of Zot
 65018 | Pan      | Found a transporter.
 65026 | Pan      | Entered the realm of Mnoleg.
 65074 | Pan      | Found the +6 sword of Cerebov {flame}
 65074 | Pan      | Noticed Cerebov
 65075 | Pan      | Found an exit through the horrors of the Abyss.
 65215 | Pan      | Paralysed by accursed screaming for 1 turns
 65217 | Pan      | Noticed Mnoleg
 65458 | Pan      | Killed Mnoleg
 65588 | Pan      | Got a glowing rune of Zot
 65665 | Pan      | Took an exit into the Abyss.
 65665 | Abyss:1  | Escaped into the Abyss
 65672 | Abyss:2  | Found a corrupted altar of Lugonu.
 65751 | Abyss:3  | Paralysed by an air elemental for 1 turns
 65767 | Abyss:3  | Reached skill level 27 in Fighting
 65784 | Abyss:3  | Found a corrupted altar of Lugonu.
 65888 | Abyss:3  | Noticed an ancient lich
 65893 | Abyss:3  | Killed an ancient lich
 66007 | Abyss:3  | Found a corrupted altar of Lugonu.
 66300 | Abyss:3  | Got an abyssal rune of Zot
 66369 | Depths:2 | Escaped the Abyss
 66415 | Hell     | Entered the Vestibule of Hell
 66415 | Hell     | Noticed Geryon
 66424 | Hell     | Killed Geryon
 66625 | Hell     | Found a gateway to the freezing wastes of Cocytus.
 66634 | Coc:1    | Entered Level 1 of Cocytus
 67391 | Zot:1    | Entered Level 1 of the Realm of Zot
 67454 | Zot:1    | Noticed Vv
 67471 | Zot:1    | Killed Vv
 67575 | Zot:1    | Noticed a dread lich
 67588 | Zot:1    | Killed a dread lich
 68420 | Zot:3    | Noticed a juggernaut
 68467 | Zot:3    | Killed a juggernaut
 68667 | Zot:5    | Entered Level 5 of the Realm of Zot
 68813 | Zot:5    | Noticed an ancient lich
 68815 | Zot:5    | Killed an ancient lich
 68823 | Zot:5    | Noticed an ancient lich
 68836 | Zot:5    | Killed an ancient lich
 68859 | Zot:5    | Noticed an orb of fire
 68862 | Zot:5    | Acquired 570 gold pieces
 68865 | Zot:5    | Noticed an orb of fire
 68865 | Zot:5    | Noticed an orb of fire
 68867 | Zot:5    | Noticed an orb of fire
 68871 | Zot:5    | Noticed an orb of fire
 68871 | Zot:5    | Noticed an orb of fire
 68877 | Zot:5    | Killed an orb of fire
 68902 | Zot:5    | Noticed an ancient lich
 68929 | Zot:5    | Killed an ancient lich
 68929 | Zot:5    | Killed an ancient lich
 68933 | Zot:5    | Killed a dread lich
 68977 | Zot:5    | Noticed an orb of fire
 68994 | Zot:5    | Killed an orb of fire
 68997 | Zot:5    | Killed an orb of fire
 69035 | Zot:5    | Got the Orb of Zot
 69080 | Zot:5    | Noticed Quaxtu the pandemonium lord
 69203 | Zot:3    | Noticed Jeobawk the pandemonium lord
 69225 | Zot:2    | Noticed an orb of fire
 69597 | D:5      | Noticed Nukoc the pandemonium lord
 69605 | D:5      | Killed Nukoc the pandemonium lord
 69721 | D:$      | Escaped with the Orb!

Illustrated notes

Levels and vault maps discovered:
D:1:      minmay_arrival_diagonal_passages, layout_basic
D:2:      cheibrodos_helix_gallery, layout_basic,
          ebering_ecumenical_altar_abandoned, mrwooster_statue_mirror,
          minmay_misc_feat_columns
D:3:      layout_basic, wad_rectangle_vault, uniq_jessica
D:4:      black_bear_nest_2, layout_rooms, serial_shops,
          nicolae_shop_gibbet_a_chance
D:5:      layout_rooms, mainiacjoe_overflow_alcove_2
D:6:      kb_forest_paths, layout_loops_ring, mainiacjoe_overflow_paths,
          mainiacjoe_overflow_cross_hatched, mainiacjoe_overflow_catwalk,
          temple_statues
D:7:      layout_loops_cross, kennysheep_generic_room_14
D:8:      layout_loops_ring, nicolae_transmutations_shop
D:9:      layout_roguey, evilmike_ruin_ashenzari,
          nicolae_overflow_two_pavilions, uniq_grum
D:10:     layout_rooms, lemuel_tele_altar, orc_0_dummy, serial_shops,
          nicolae_shop_pleasant_corner_grove, water_maze_lemuel
D:11:     layout_gridville, dpeg_oklobed_lair, uniq_harold
D:12:     layout_rooms, nzn_ghost_randoct, serial_co_window_serial,
          co_window_paths_a, co_window_paths_a, co_window_corner_a,
          co_window_of_opportunity_a, co_window_of_opportunity_a,
          co_window_unsneaky_path_e, co_window_of_opportunity_b,
          co_window_broadway_a, co_window_of_opportunity_b,
          co_window_of_opportunity_c, co_window_corner_cb,
          co_window_of_opportunity_b, glass_columns_b, glass_columns_a,
          minmay_liquid_box, uniq_urug
D:13:     layout_loops_ring, erik_vaults_2
D:14:     layout_rooms, ldierk_geyser, chequers_serial_rivers_room_b,
          uniq_frances
D:15:     gammafunk_enter_depths_forms, layout_stronghold,
          grunt_dithmenos_smoke, pdpol_wu_jian_five_deadly_venoms
Temple:   nicolae_temple_superstar
Lair:1:   layout_gridlike, portal_ice_cave_entry_pillars_1, enter_volcano_1,
          gammafunk_ghost_ooze, lemuel_old_faithful
Lair:2:   layout_cave_shapes, minmay_shoals_entry_lonely_mermaid,
          dummy_snake_entry, st_stairs_7, serial_bayou_lagoon_b
Lair:3:   layout_roguey, gauntlet_entry_generic
Lair:4:   layout_roguey [special_room_mythical_zoo]
Lair:5:   evil_forest, layout_cave_pods, minmay_slime_entry_oklob_open,
          grunt_megastairs_3, uniq_josephine
Shoals:1: layout_shoals, st_sunken_temple
Shoals:2: layout_shoals, serial_shops, nicolae_shop_tiny_statue_garden
Shoals:3: layout_shoals, serial_shops, shop,
          nicolae_shoals_the_drawing_of_the_three
Shoals:4: shoals_end_hellmonk_lost_city
Snake:1:  layout_misc_corridors
Snake:2:  layout_onion, ebering_ghost_disaster_area, serial_shops, shop,
          nicolae_wooded_promenade, st_stairs_11, nicolae_snake_boneroom
Snake:3:  layout_misc_corridors, uniq_mara, uniq_roxanne
Snake:4:  grunt_snake_rune_pools, layout_cave_town, gammafunk_ghost_necromancy,
          minmay_shop_star, uniq_vashnia, uniq_agnes
Slime:1:  layout_caves
Slime:2:  layout_caves, nicolae_slime_ancient_tower_intersection
Slime:3:  layout_caves, cheibrodos_slime_lost_civilization_5
Slime:4:  layout_caves
Slime:5:  slime_pit_nicolae_inversion
Orc:1:    layout_caves, serial_shops, nicolae_shop_peninsula, shop,
          nicolae_shop_tiny_waterfront, kennysheep_orc_chapel
Orc:2:    grunt_orc_community_town_hall, layout_caves,
          grunt_orc_community_big_house_2, grunt_orc_community_big_house_1,
          grunt_orc_community_house_2, grunt_orc_community_house_2,
          grunt_orc_community_house_2, grunt_orc_community_house_1,
          grunt_orc_community_house_1, grunt_orc_community_house_3
Elf:1:    nicolae_elf_arrival_no_cutting_in_line, layout_gridlike,
          hellmonk_ghost_happy_afterlife, evilmike_minifort, hex_large,
          minmay_shop_grove, uniq_aizul, uniq_donald
Elf:2:    elven_hall_of_blades_hangedman_original
          [nicolae_blade_entry_crossed_weapons], layout_onion_city, basic_altar,
          uniq_louise
Elf:3:    minmay_elf_hall_hex, layout_gridlike, basic_altar, serial_shops,
          nicolae_shop_behind_doors
Vaults:1: nicolae_vaults_six-pack, nicolae_vaults_more_shelving_1,
          nicolae_vaults_house_3, v_misc_18, ontoclasm_vaults_twist,
          layout_vaults_quadrants
Vaults:2: serial_library_hellmonk_semicircle, nicolae_vaults_alarming,
          nicolae_vaults_stairing_the_circle, minmay_crypt_entry_simple_sparse,
          hangedman_vaults_slice, nicolae_vaults_more_shelving_2,
          nicolae_vaults_tetromino_T_1, nicolae_vaults_shrinking_rooms_1,
          nicolae_vaults_network_star, nicolae_vaults_theta,
          vaults_mumra_chevron_long, v_alt_pattern_1, nicolae_vaults_diamond_2,
          layout_vaults_ring
Vaults:3: v_rooms_3, hangedman_vaults_pinch,
          vaults_standard_mumra_enter_the_diamond, vaults_room_door_hall,
          grunt_vaults_hallway_short, v_misc_12, vaults_room_boxed,
          nicolae_vaults_you_can_take_it_with_you, ontoclasm_vaults_ligature,
          v_misc_23, vaults_room_door_ring, grunt_vaults_hallway_long,
          nicolae_vaults_trapezoid_lopsided_3,
          nicolae_vaults_storage_room_statues, vaults_room_pool,
          layout_vaults_omnibox, serial_shops, shop
Vaults:4: v_misc_30, hangedman_vaults_hat, hangedman_vaults_maws,
          ontoclasm_vaults_idyll, nicolae_vaults_closet_pinwheel_6,
          v_alt_pattern_2, nicolae_vaults_stepped_doors,
          nicolae_vaults_crenellated_ambush, ontoclasm_vaults_idyll,
          nicolae_vaults_trapezoid_3, layout_vaults_omnicross, uniq_xtahua,
          uniq_zenata
Vaults:5: uniq_jory, uniq_bai_suzhen
Crypt:1:  layout_chaotic_city, serial_glass, glass_columns_a, glass_columns_b,
          nrook_guardian_serpent_ordinary
Crypt:2:  layout_rooms, serial_sigils_hangedman_confine, uniq_saint_roka
Crypt:3:  david_glass_crypt, layout_basic, uniq_margery
Tomb:1
Tomb:2
Tomb:3
Depths:1: layout_cave_pools, hellmouth_3, grunt_ministairs_6,
          nicolae_shop_self_help
Depths:2: evilmike_inaccessible_box, layout_basic, enter_ziggurat_a,
          minmay_fountain_box, hell_entry, rand_demon_pan_entry_8
Depths:3: minmay_octo_star, layout_gridlike, abyss_entry, nemelex_altar_shiori,
          grunt_pan_entry_zigzag, pf_coc_iceberg, uniq_boris, uniq_josephina
Depths:4: lemuel_castle_with_subvaults [lemuel_castle_interior_original],
          layout_cave_pools, grunt_hell_entry_dis_mu,
          regret_index_xom_buried_treasure, grunt_pan_entry_in_and_out,
          uniq_parghit, uniq_frederick
Hell
Coc:1:    layout_cocytus_water_paths
Coc:2:    layout_ice_bergs
Coc:3:    nooodl_cocytus_jagged_cave
Coc:4:    layout_cocytus_delve
Zot:1:    hangedman_zot_vaults_quadrants, layout_concentric_octagons, uniq_vv
Zot:2:    layout_cellular_growth, regret_index_zotdec_stipple_waver,
          hellmonk_greenhouse_of_terror
Zot:3:    ebering_greatest_show_in_zot, layout_misc_corridors,
          regret_index_zotdec_twisting_globes
Zot:4:    layout_gridlike, regret_index_zotdec_barnacled_simple,
          grunt_ministairs_10
Zot:5:    layout_concentric_octagons, grunt_ministairs_2

Skill      XL: |  1  2  3  4  5  6  7  8  9 10 11 12 13 14 15 16 17 18 19 20 21 22 23 24 25 26 27 |
---------------+----------------------------------------------------------------------------------+-----
Maces & Flails | 1 2 |  2.0
Short Blades   | 1 2 |  2.0
Evocations     | 4 5 6 7 10 | 10.0
Fighting       | 3 5 8 10 13 14 17 27 | 27.0
Dodging        | 2 7 8 10 12 13 14 15 24 | 24.8
Ranged Weapons | 4 10 14 16 19 22 24 26 27 | 27.0
Armour         | 10 15 23 | 23.3
Shapeshifting  | 8 14 17 20 23 24 | 24.2
Spellcasting   | 2 5 7 |  7.0
Translocations | 6 12 | 12.0
Air Magic      | 4 |  4.0
Hexes          | 5 |  5.0
Stealth        | |  1.0

Action                     |  1- 3 |  4- 6 |  7- 9 | 10-12 | 13-15 | 16-18 | 19-21 | 22-24 | 25-27 || total
---------------------------+-------+-------+-------+-------+-------+-------+-------+-------+-------++-------
  Melee: Club              |    47 |       |       |       |       |       |       |       |       ||    47
         Short sword       |     4 |       |       |       |       |       |       |       |       ||     4
         Dagger            |    40 |   182 |   406 |   339 |       |       |       |       |       ||   967
         Trident           |       |       |     4 |       |       |       |       |       |       ||     4
         Orcbow            |       |       |       |     3 |       |       |       |       |       ||     3
   Fire: Orcbow            |       |       |     6 |   425 |   202 |       |       |       |       ||   633
         Longbow           |       |       |       |       |  1025 |  1358 |  1579 |  1619 |  3891 ||  9472
  Throw: Throwing net      |       |       |     3 |     4 |     1 |       |       |       |       ||     8
         Dart              |       |       |     1 |     4 |     2 |       |       |       |       ||     7
   Cast: Blink             |       |       |       |       |       |       |       |       |    10 ||    10
         Apportation       |       |       |       |       |       |       |       |       |    69 ||    69
         Dimensional Bulls |       |       |       |       |       |       |       |       |    18 ||    18
 Invoke: Call Merchant     |       |       |       |     1 |       |       |       |       |    10 ||    11
         Potion Petition   |       |       |       |       |       |       |       |     1 |    21 ||    22
         Bribe Branch      |       |       |       |       |       |       |       |     1 |     1 ||     2
  Evoke: Wand              |     7 |     1 |    10 |    21 |     3 |     3 |     5 |     2 |    16 ||    68
         Lightning rod     |       |       |       |       |     3 |     4 |     1 |     6 |    14 ||    28
         Sack of spiders   |       |       |       |       |     1 |     2 |     1 |     2 |     4 ||    10
         Tin of tremorston |       |       |       |       |       |     3 |     2 |     4 |    12 ||    21
         Phantom mirror    |       |       |       |       |       |       |     1 |     3 |     6 ||    10
    Use: Scroll            |       |     4 |     6 |    11 |    11 |    11 |     8 |     8 |    52 ||   111
         Potion            |       |       |       |     1 |     1 |    10 |     8 |     2 |    20 ||    42
   Stab: Sleeping          |     3 |     3 |     2 |     1 |       |       |       |       |       ||     9
         Distracted        |       |       |     2 |     1 |       |       |       |       |       ||     3
         Held in net/web   |       |       |     2 |       |       |       |       |       |       ||     2
 Armour: Leather armour    |    49 |       |       |       |       |       |       |       |       ||    49
         Ring mail         |     3 |    74 |   113 |   264 |   136 |   357 |   423 |   538 |  1983 ||  3891
  Dodge: Dodged            |    75 |   120 |   370 |   664 |   320 |   631 |   685 |  1059 |  3838 ||  7762
   Form: Death             |       |       |       |       |       |       |       |     1 |    12 ||    13
                           |       |       |       |       |       |       |       |       |    12 ||    12

Table legend: (Time is in decaauts)
 A = Elapsed time spent in this place.
 B = Non-inter-level travel time spent in this place.
 C = Inter-level travel time spent in this place.
 D = Time resting spent in this place.
 E = Time spent auto-exploring this place.
 F = Levels seen in this place.
 G = Mean time per level.
                   A        B        C        D        E       F      G
               +--------+--------+--------+--------+--------+-----+--------+
         Total |  68810 |  61142 |   7668 |   4566 |  31327 |  97 |  709.4 |
       Dungeon |  15277 |  12467 |   2810 |    839 |   7111 |  15 | 1018.5 |
        Temple |     45 |     33 |     12 |      0 |      0 |   1 |   45.0 |
          Lair |   4977 |   4491 |    486 |     64 |   3065 |   5 |  995.4 |
        Shoals |   3925 |   3529 |    396 |    735 |   1668 |   4 |  981.2 |
     Snake Pit |   4590 |   4402 |    188 |    308 |   2594 |   4 | 1147.5 |
    Slime Pits |   1620 |   1560 |     60 |     30 |    777 |   5 |  324.0 |
  Orcish Mines |   1659 |   1582 |     77 |      0 |   1183 |   2 |  829.5 |
   Elven Halls |   2744 |   2542 |    202 |     38 |   1633 |   3 |  914.7 |
        Vaults |   8315 |   7292 |   1023 |    534 |   4441 |   5 | 1663.0 |
         Crypt |   2254 |   1932 |    322 |      0 |   1298 |   3 |  751.3 |
          Tomb |   4144 |   3081 |   1063 |    268 |   1317 |   3 | 1381.3 |
        Depths |   5832 |   4886 |    946 |    233 |   2796 |   4 | 1458.0 |
          Hell |    280 |    280 |      0 |      0 |     30 |   1 |  280.0 |
       Cocytus |    670 |    632 |     38 |      0 |     28 |   4 |  167.5 |
           Zot |   1884 |   1846 |     38 |     59 |    654 |   5 |  376.8 |
         Abyss |    717 |    717 |      0 |      0 |     44 |   3 |  239.0 |
   Pandemonium |   7025 |   7025 |      0 |    613 |   2137 |  16 |  439.1 |
      Ziggurat |    709 |    709 |      0 |     10 |     84 |  11 |   64.5 |
      Ice Cave |   1417 |   1417 |      0 |    724 |    291 |   1 | 1417.0 |
       Volcano |    305 |    305 |      0 |     69 |     26 |   1 |  305.0 |
      Gauntlet |    411 |    411 |      0 |     37 |    145 |   1 |  411.0 |
               +--------+--------+--------+--------+--------+-----+--------+

Top non-repeatable levels by time:
  Tomb:1: 2470 daAuts
Vaults:2: 2191 daAuts
    D:15: 1933 daAuts
Depths:4: 1797 daAuts
Depths:3: 1675 daAuts
Vaults:4: 1637 daAuts
 Snake:4: 1635 daAuts
Vaults:3: 1591 daAuts
 Snake:2: 1564 daAuts
Vaults:5: 1483 daAuts
    D:13: 1479 daAuts
   IceCv: 1417 daAuts
Vaults:1: 1411 daAuts
    D:11: 1362 daAuts
Shoals:3: 1321 daAuts
